 Dungeon Crawl Stone Soup version 0.29-a0-330-g52719c12eb (webtiles) character file.

Game seed: 3178537991010715781

4 DuloT34 the Ducker (level 1, 0/7 HPs)
             Began as a Felid Air Elementalist on May 17, 2022.
             Slain by a jackal (1 damage)
             ... on level 1 of the Dungeon.
             The game lasted 00:01:54 (230 turns).

DuloT34 the Ducker (Felid Air Elementalist)          Turns: 230, Time: 00:01:54

Health: 0/7        AC:  1    Str:  4    XL:     1   Next: 58%
Magic:  0/4        EV: 17    Int: 16    God:
Gold:   0          SH:  0    Dex: 16    Spells: 3/4 levels left
                                        Lives:  0   Deaths: 0

rFire   . . .      SeeInvis +   (weapon unavailable)
rCold   . . .      Faith    .   (shield unavailable)
rNeg    . . .      Spirit   .   (body armour unavailable)
rPois   .          Reflect  .   (helmet unavailable)
rElec   .          Harm     .   (cloak unavailable)
rCorr   .          Rampage  .   (gloves unavailable)
Will    .....                   (boots unavailable)
Stlth   ++........              (no amulet)
HPRegen 0.02/turn               (no ring)
MPRegen 0.09/turn               (no ring)

@: quick
A: very small, claws 1, fangs 3, see invisible, speed 1, shaggy fur 1, stealthy
paws, no weapons or thrown items, no armour, multi-lived
a: no special abilities


You were on level 1 of the Dungeon.
You visited 1 branch of the dungeon, and saw 1 of its levels.

Inventory:

Potions
 a - a potion of magic


   Skills:
 + Level 2.9 Dodging
 - Level 2.6 Stealth
 + Level 2.1 Spellcasting
 - Level 0.8 Conjurations
 + Level 2.8 Air Magic


You had 3 spell levels left.
You knew the following spells:

 Your Spells              Type           Power      Damage    Failure   Level
a - Shock                 Conj/Air       28%        1d4       10%         1

Your spell library contained the following spells:

 Spells                   Type           Power      Damage    Failure   Level
 Static Discharge         Conj/Air       7%         N/A       14%         2
 Swiftness                Air            10%        N/A       19%         3
 Airstrike                Air            5%         N/A       54%         4


Dungeon Overview and Level Annotations

Branches:
Dungeon (1/15)

Altars:


Innate Abilities, Weirdness & Mutations

You have sharp claws.
You have razor-sharp teeth.
You have supernaturally acute eyesight. (SInv)
You cover ground quickly. (Speed+)
You are covered in fur. (AC +1)
Your paws help you pounce on unaware monsters.
You are incapable of wielding weapons or throwing items.
You cannot wear armour.
You gain extra lives every three experience levels.


Message History

The jackal closely misses you. The jackal attacks as you move away!
The jackal closely misses you. The jackal attacks as you move away!
The jackal bites you.
* * * LOW HITPOINT WARNING * * *
The jackal attacks as you move away! The jackal closely misses you.
You enter the shallow water.
Moving in this stuff is going to be slow.
Why would you want to do that? Why would you want to do that?
Casting: Shock (safe; 10% risk of failure)
Confirm with . or Enter, or press ? or * to list all spells.
Aiming: Shock (safe; 10% risk of failure)
Press: ? - help, Shift-Dir - straight line, f - jackal
Aim: a jackal (60% to hit)
The zap hits the jackal.
The jackal is almost dead.
The zap hits the bat.
The bat is severely wounded.
The zap hits the jackal.
The jackal is severely wounded.
The jackal closely misses you. The jackal bites you.
* * * LOW HITPOINT WARNING * * *
The bat attacks as you move away! The bat completely misses you.
The bat misses you. The bat barely misses you. The bat barely misses you.
The jackal attacks as you move away! The jackal closely misses you.
Casting: Shock (safe; 10% risk of failure)
Confirm with . or Enter, or press ? or * to list all spells.
Aiming: Shock (safe; 10% risk of failure)
Press: ? - help, Shift-Dir - straight line, f/p - jackal
Aim: a jackal (severely wounded, 60% to hit)
The zap hits the jackal.
The jackal is almost dead.
The zap hits the bat.
The bat is moderately wounded.
The zap hits the jackal.
You kill the jackal!
The jackal completely misses you. The jackal bites you.
You die...

#####.#####.##..#..
#...........#....... .
#.##...####........
#$#....b.††#........#
.........#.#..#.......
.........#.#..##..##.######
.#+###...#b#..##..##.#....#
.......h.#h#..##..##.#.##.#
....##..##@#......##.#..#.#
....##..##.#..###.##.#.<#.#
..≈≈..≈..#.#.## #.##.####.#
..≈......≈#### #.........#
≈≈≈≈≈≈≈≈≈≈≈≈≈####...#######
≈.≈≈≈≈≈≈≈≈≈###.....#.......
...≈≈.....## ####.##.######
..≈.≈..≈#.# #.##.#
≈..≈...##.# #.##.#


You could see a jackal and a bat.

Vanquished Creatures
  An endoplasm (D:1)
  3 jackals (D:1)
  A frilled lizard (D:1)
5 creatures vanquished.

Notes
Turn   | Place    | Note
-------+----------+-------------------------------------------
     0 | D:1      | DuloT34 the Felid Air Elementalist began the quest for the
                  | Orb.
     0 | D:1      | Reached XP level 1. HP: 7/7 MP: 4/4
   230 | D:1      | Slain by a jackal

Illustrated notes

Levels and vault maps discovered:
D:1:      zelgadis_glass_arrival_small, layout_basic,
          chequers_serial_rivers_small_3, minmay_misc_feat_chi, hex_intersection

Action                   || total
-------------------------++-------
Melee: Unarmed           ||     6
       Bite              ||     1
 Cast: Shock             ||     9
Armor: Skin              ||     1
Dodge: Dodged            ||    27

Table legend: (Time is in decaauts)
 A = Elapsed time spent in this place.
 B = Non-inter-level travel time spent in this place.
 C = Inter-level travel time spent in this place.
 D = Time resting spent in this place.
 E = Time spent auto-exploring this place.
 F = Levels seen in this place.
 G = Mean time per level.
                   A        B        C        D        E       F      G
               +--------+--------+--------+--------+--------+-----+--------+
         Total |    213 |    213 |      0 |    129 |     42 |   1 |  213.0 |
       Dungeon |    213 |    213 |      0 |    129 |     42 |   1 |  213.0 |
               +--------+--------+--------+--------+--------+-----+--------+

Top non-repeatable levels by time:
     D:1: 213 daAuts
